 Dungeon Crawl Stone Soup version 0.18-a0-952-g309898a (webtiles) character file.

262 tof the Bolt Thrower (level 5, 0/45 HPs)
             Began as a Minotaur Hunter on Dec 30, 2015.
             Was an Initiate of Ashenzari.
             Slain by a hound (5 damage)
             ... on level 4 of the Dungeon.
             The game lasted 00:15:36 (3613 turns).

tof the Bolt Thrower (Minotaur Hunter)              Turns: 3613, Time: 00:15:37

Health: 0/45       AC:  6    Str: 14    XL:     5   Next: 97%
Magic:  4/4        EV: 11    Int: 10    God:    Ashenzari [......]
Gold:   130        SH:  0    Dex:  8    Spells: 0 memorised, 4 levels left

rFire  x . .     SeeInvis .     B - -1 flail (curse)
rCold  + . .     Gourm    .     y - +1 ring mail "Majom" {Int+2 Dex-4 Stlth+} (curse)
rNeg   . . .     Faith    .     (no shield)
rPois  .         Spirit   .     (helmet restricted)
rElec  .         Dismiss  .     (no cloak)
rCorr  .         Reflect  .     (no gloves)
SustAt .         Harm     .     (no boots)
MR     .....                    (no amulet)
Stlth  ++........               v - ring of ice
                                E - -2 ring of strength (curse)

@: not resistant to hostile enchantments, unstealthy
A: retaliatory headbutt, horns 2
a: Renounce Religion


You were on level 4 of the Dungeon.
You worshipped Ashenzari.
Ashenzari was noncommittal.
You were not hungry.

You visited 1 branch of the dungeon, and saw 4 of its levels.

You collected 130 gold pieces.

Inventory:

Hand Weapons
 a - a +1 hand crossbow
 b - a +0 long sword
 h - a +0 short sword
 s - a +1 dagger of flaming
 B - a cursed -1 flail (weapon)
Missiles
 d - 38 bolts
Armour
 c - a +0 leather armour
 y - the cursed +1 ring mail "Majom" (worn) {Int+2 Dex-4 Stlth+}
   (You found it on level 4 of the Dungeon)

   It affects your intelligence (+2).
   It affects your dexterity (-4).
   It makes you more stealthy.
   It has a curse placed upon it.
Jewellery
 o - an uncursed ring of sustain attributes
 v - a ring of ice (right hand)
 E - a cursed -2 ring of strength (left hand)
Scrolls
 e - 2 scrolls of immolation {unknown}
 i - 3 scrolls of remove curse
 q - a scroll of enchant armour {unknown}
 t - a scroll of noise {unknown}
 x - 4 scrolls of identify {unknown}
 A - a scroll of recharging {unknown}
Potions
 j - 2 potions of heal wounds {unknown}
 l - a potion of haste {unknown}
 n - 2 potions of curing {unknown}
 p - 3 potions of degeneration {unknown}
 r - a potion of magic {unknown}
 u - a potion of poison {unknown}
 w - a potion of resistance {unknown}
 C - a potion of mutation {unknown}
Comestibles
 f - 3 bread rations
 k - 6 fruits
 m - 4 meat rations
 z - a royal jelly
 D - a beef jerky


   Skills:
 + Level 3.1 Fighting
 + Level 0.2(0.9) Short Blades
 + Level 1.4(1.5) Long Blades
 + Level 6.2 Crossbows
 + Level 2.3 Armour
 + Level 3.1 Dodging
 + Level 2.0 Stealth


You had 4 spell levels left.
You didn't know any spells.

Dungeon Overview and Level Annotations

Branches:
Dungeon (4/15)
 Temple: D:4-7

Altars:
Ashenzari
Makhleb
Nemelex Xobeh
Sif Muna


Innate Abilities, Weirdness & Mutations

You reflexively headbutt those who attack you in melee.
You have a pair of horns on your head.


Message History

The phantom is moderately damaged.
The phantom hits you.
You hit the phantom but do no damage.
The phantom is moderately damaged.
The phantom hits you.
* * * LOW HITPOINT WARNING * * *
The phantom blinks!
You are too injured to fight recklessly!
You are too injured to fight recklessly!
You are too injured to fight recklessly!
You are too injured to fight recklessly!
You are too injured to fight recklessly!
You are too injured to fight recklessly!
You are too injured to fight recklessly!
The hound bites you.
* * * LOW HITPOINT WARNING * * *
You barely miss the hound. The hound bites you.
* * * LOW HITPOINT WARNING * * *
The phantom blinks!
The hound bites you.
You die...

#### ...#######################
#......>.................#
#..#######.####.##.#####.# .#.###
#.# #.##.# #.########
.g...#####.####.#ยง.#####........#
##.......#.##......#.....######.#
####g###<#.##......#.###.######.#
# #.###....#..h@........).......
## #.<.........W..#..##..######..
.# #####....#.....#......# ### .#
#.#..........###.## .#
#.#######.#### #.# .# ..# #.# #.#
.# .### #.# #.# .# #. #.# #.#
.#####.# #.# #.#


You could see a phantom and a hound.

Vanquished Creatures
  4 worker ants (D:4)
  3 gnolls (D:4)
  5 adders
  An ooze (D:3)
  2 worms (D:4)
  3 giant geckos
  An orc (D:3)
  3 giant cockroaches
  7 goblins
  9 hobgoblins
  6 jackals
  7 kobolds
  A quokka (D:2)
  3 ball pythons
  7 bats
  6 giant newts
  4 rats (D:1)
72 creatures vanquished.

Notes
Turn   | Place    | Note
--------------------------------------------------------------
     0 | D:1      | tof the Minotaur Hunter began the quest for the Orb.
     0 | D:1      | Reached XP level 1. HP: 18/18 MP: 0/0
   193 | D:1      | Reached XP level 2. HP: 18/25 MP: 1/1
   347 | D:1      | Reached skill level 5 in Crossbows
   719 | D:1      | Reached XP level 3. HP: 30/30 MP: 2/2
  1324 | D:2      | Reached skill level 1 in Armour
  1370 | D:2      | Reached XP level 4. HP: 34/37 MP: 3/3
  1658 | D:3      | Found a shattered altar of Ashenzari.
  1784 | D:3      | Found a burning altar of Makhleb.
  1784 | D:3      | Noticed a cacodemon
  1787 | D:3      | Noticed a neqoxec
  1787 | D:3      | Noticed an orange demon
  1940 | D:3      | Became a worshipper of Ashenzari the Shackled
  2078 | D:3      | Reached skill level 1 in Stealth
  2257 | D:3      | Found a deep blue altar of Sif Muna.
  2340 | D:4      | Reached skill level 6 in Crossbows
  2361 | D:4      | Reached XP level 5. HP: 27/44 MP: 4/4
  2743 | D:4      | Found a sparkling altar of Nemelex Xobeh.
  2764 | D:4      | Reached skill level 1 in Long Blades
  2771 | D:4      | Noticed a phantom
  2829 | D:3      | HP: 1/44 [quokka (5)]
  3315 | D:4      | Got the cursed ring mail "Majom" {Int+2 Dex-4 Stlth+}
  3329 | D:4      | Identified the cursed +1 ring mail "Majom" {Int+2 Dex-4 Stlth+} (You found it on level 4 of the Dungeon)
  3613 | D:4      | Slain by a hound

Vault maps used:
D:1:      saegor_arrival_simple_f
D:3:      nicolae_ashenzari_panopticon, lemuel_blue_sif_altar,
          makhleb_altar_promises_db
D:4:      nemelex_xobeh_ov_fountains_minmay, first_bread, corexii_shack

Action                   |  1- 3 |  4- 6 || total
-------------------------+-------+-------++-------
Melee: Dagger            |    55 |       ||    55
       Long sword        |       |    50 ||    50
       Flail             |       |    22 ||    22
 Fire: Hand crossbow     |    43 |    28 ||    71
 Stab: Sleeping          |       |     2 ||     2
  Eat: Chunk             |     1 |     1 ||     2
       Beef jerky        |       |     3 ||     3
       Pizza             |       |     1 ||     1
